AoeStats
← Iamak3186

Arabia

503987086Analyzed
1v1 RM · 1mo ago on Sep 3, 2026· 21m 24s· 2 players
Game mode
Random Map
Map size
Tiny (2 player)
Population
200
Speed
Normal
Resources
Standard
Victory
Conquest
Starting age
Dark Age
Ending age
Imperial Age
RankedLock teamsTeams togetherTeam positionsShared explorationLock speedFull tech treeHidden civsTurbo modeCheats
Victory
Defeat
🇮🇳 Mongols · India
1241
+17
🇮🇩 Armenians · Indonesia
1271
-17
Iamak3186
5:30 Loom
7:50 Feudal Age
9:33 Double-Bit Axe
15:40 Horse Collar
16:06 Fletching
21:14 Castle Age
21:02 Gold Mining
21:27 Bloodlines
22:02 Scale Barding Armor
Franko87
7:00 Loom
10:02 Feudal Age
10:03 Man-at-Arms
13:42 Double-Bit Axe
20:09 Scale Mail Armor
20:11 Long Swordsman
20:37 Arson
Connection lost

Rejoining the realm…

Still unreachable

The connection could not be restored.

Session expired

The server has moved on; the page needs a fresh start.